 Dungeon Crawl Stone Soup version 0.20.1-1-g8b1a95d (webtiles) character file.

196 Monsterracer the Changer (level 5, 0/33 HPs)
             Began as an Octopode Transmuter on Oct 27, 2017.
             Was a Believer of Cheibriados.
             Slain by a rat (2 damage)
             ... on level 3 of the Dungeon.
             The game lasted 00:05:51 (3460 turns).

Monsterracer the Changer (Octopode Transmuter)      Turns: 3460, Time: 00:05:52

Health: 0/33       AC:  2    Str: 13    XL:     5   Next: 74%
Magic:  6/8        EV: 20    Int: 20    God:    Cheibriados [**....]
Gold:   226        SH:  0    Dex: 22    Spells: 3/8 levels left

rFire    . . .     SeeInvis .     - Unarmed
rCold    . . .     Gourm    .   (shield currently unavailable)
rNeg     . . .     Faith    .   (helmet currently unavailable)
rPois    .         Spirit   .   (no amulet)
rElec    .         Reflect  .   n - ring of poison resistance
rCorr    .         Harm     .   (no ring)
MR       .....                  (no ring)
Stlth    ++........             (no ring)
Regen    0.2/turn               (no ring)
MPRegen  0.2/turn               (no ring)
                                (no ring)
                                (no ring)

@: spider-form (expiring), very slow
A: almost no armour, stealthy swim, (amphibious), 8 rings, (constrict 8)
a: End Transformation, Bend Time, Renounce Religion


You were on level 3 of the Dungeon.
You worshipped Cheibriados.
Cheibriados was pleased with you.
You were not hungry.
You were a venomous arachnid creature.
You visited 1 branch of the dungeon, and saw 3 of its levels.

You collected 226 gold pieces.

Inventory:

Missiles
 a - 12 arrows
Armour
 l - a +0 buckler
Jewellery
 n - a ring of poison resistance (left front leg)
Scrolls
 g - 2 scrolls of identify
 o - a scroll of teleportation
 r - a scroll of amnesia
Potions
 f - 2 potions of cancellation
 j - a potion of haste
 m - a potion of brilliance
Books
 b - a book of Changes

   Spells                             Type                      Level
   a - Beastly Appendage              Transmutation                1
   b - Sticks to Snakes               Transmutation                2
   c - Spider Form                    Transmutation/Poison         3
   d - Ice Form                       Ice/Transmutation            4
   e - Blade Hands                    Transmutation                5
Comestibles
 c - 4 bread rations
 d - 3 royal jellies
 k - 4 meat rations
 q - 4 fruits
 s - a chunk of flesh


   Skills:
 - Level 1.0 Fighting
 - Level 2.0 Dodging
 * Level 4.4 Unarmed Combat
 - Level 2.0 Spellcasting
 * Level 4.6 Transmutations
 + Level 0.4 Invocations


You had 3 spell levels left.
You knew the following spells:

 Your Spells              Type           Power        Failure   Level  Hunger
b - Sticks to Snakes      Tmut           ###.....     12%         2    ##.....
c - Spider Form           Tmut/Pois      ##........   38%         3    ###....


Dungeon Overview and Level Annotations

Branches:
Dungeon (3/15)

Altars:
Ashenzari
Cheibriados


Innate Abilities, Weirdness & Mutations

You cannot wear most types of armour.
You are very stealthy in the water. (Stealth+)
((You are amphibious.))
You can wear up to eight rings at the same time.
((You can use your tentacles to constrict eight enemies at once.))
((Your skin changes colour to match your surroundings (Stealth+).))
((Your rubbery body absorbs attacks. (AC +1, EV +1)))


Message History

c - 4 bread rations (gained 1)
You start resting.
HP restored.
As you read the scroll labeled ITAOCU ATRUUD, it crumbles to dust.
You feel strangely unstable.
It was a scroll of teleportation.
As you read the scroll labeled VAZIGU ZILE, it crumbles to dust.
It is a scroll of enchant weapon.
You aren't carrying any weapons that can be enchanted.
As you read the scroll labeled BIEHUM AZXOCK, it crumbles to dust.
It is a scroll of recharging.
You aren't carrying any rechargeable items.
Your surroundings suddenly seem different.
A dart slug comes into view.
As you read the scroll labeled PAMEOCEERR, it crumbles to dust.
You feel aware of your surroundings.
It was a scroll of magic mapping.
As you read the scroll labeled JAKKEBOEKI, it crumbles to dust.
You feel blessed for a moment.
It was a scroll of remove curse.
As you read the scroll labeled VASERIM WOUSTYN, it crumbles to dust.
It is a scroll of amnesia.
Forget which spell ([?*] list [ESC] exit)?
Your memory of Beastly Appendage unravels.
The dart slug launches a dart at you. The slug dart hits you!
The dart slug misses you.
You barely miss the dart slug. You grab the dart slug.
You squeeze the dart slug.
The dart slug is heavily wounded.
You constrict the dart slug. The dart slug misses you.
You tentacle-slap the dart slug but do no damage.
The dart slug is severely wounded.
You constrict the dart slug. The dart slug closely misses you.
You completely miss the dart slug. You squeeze the dart slug.
You kill the dart slug!
You see here a dart slug corpse.
You start resting.
HP restored.
You now have 226 gold pieces (gained 18).
k - 4 meat rations (gained 1)
You open the door. 2 rats and a scorpion come into view.
Found 19 gold pieces.
A hippogriff and an orc come into view.
Casting: Spider Form
Confirm with . or Enter, or press ? or * to list all spells.
You turn into a venomous arachnid creature.
The hippogriff screeches!
The rat closely misses you.
You hit the rat.
You kill the rat!
Cheibriados thoroughly appreciates the change of pace.
You hit the scorpion.
The scorpion is poisoned.
The scorpion is lightly wounded.
The scorpion misses you.
You hit the scorpion.
The scorpion looks as sick as possible!
The scorpion is severely wounded.
You kill the scorpion!
Cheibriados appreciates the change of pace.
You hit the orc.
The orc is poisoned.
The orc is heavily wounded.
The orc closely misses you.
You hit the orc.
You kill the orc!
Cheibriados thoroughly appreciates the change of pace.
You completely miss the hippogriff. The hippogriff closely misses you.
The hippogriff completely misses you. The hippogriff closely misses you.
You hit the hippogriff but do no damage.
The hippogriff completely misses you. The hippogriff pecks you.
The hippogriff completely misses you.
You bite the hippogriff!
The hippogriff looks as sick as possible!
The hippogriff is lightly wounded.
The hippogriff completely misses you. The hippogriff pecks you!
The hippogriff claws you!
* * * LOW HITPOINT WARNING * * *
Your transformation is almost over.
You bite the hippogriff!
The hippogriff is heavily wounded.
The hippogriff bites you!
* * * LOW HITPOINT WARNING * * *
The hippogriff pecks you.
* * * LOW HITPOINT WARNING * * *
The hippogriff completely misses you.
Okay, then.
Casting: Spider Form
Confirm with . or Enter, or press ? or * to list all spells.
Okay, then.
Okay, then.
Okay, then.
You bite the hippogriff!
The hippogriff looks as sick as possible!
The hippogriff is heavily wounded.
The hippogriff barely misses you. The hippogriff misses you. x2
You barely miss the hippogriff.
The hippogriff is severely wounded.
The rat bites you but does no damage. The hippogriff closely misses you.
The hippogriff completely misses you. The hippogriff barely misses you.
You bite the hippogriff!
The hippogriff is almost dead.
The rat bites you.
You die...

.....................#'#....#
...............<....##.##...#
....................#.(.#...#
...................#######..##
[..................#)....#...#
...................#.....†...#
..................#########..#
.................r#..$...,#.##
................sH)......,#.#
..................#......,#.#
....).)...........#########.#
...................#.....'..#
...................#...†.#.##
...................#######.#
....................#)..#..#
....................##.##.##
.....................#'#..#


You could see a hippogriff and a rat.

Vanquished Creatures
  A scorpion (D:3)
  6 adders
  An ooze (D:1)
  3 worms
  3 dart slugs (D:3)
  2 leopard geckos
  3 orcs (D:3)
  A giant cockroach (D:3)
  8 goblins
  10 hobgoblins
  2 jackals (D:3)
  2 quokkas (D:3)
  3 ball pythons
  11 bats
  2 frilled lizards
  5 kobolds
  9 rats
72 creatures vanquished.

Notes
Turn   | Place    | Note
-------+----------+-------------------------------------------
     0 | D:1      | Monsterracer the Octopode Transmuter began the quest for the Orb.
     0 | D:1      | Reached XP level 1. HP: 13/13 MP: 3/3
    64 | D:1      | Reached XP level 2. HP: 18/18 MP: 3/5
    68 | D:1      | Learned a level 2 spell: Sticks to Snakes
   107 | D:1      | HP: 9/18 [hobgoblin/club (3)]
   112 | D:1      | HP: 6/18 [hobgoblin (3)]
   759 | D:1      | Reached XP level 3. HP: 19/23 MP: 6/6
   764 | D:1      | Learned a level 3 spell: Spider Form
  1225 | D:2      | Found a shattered altar of Ashenzari.
  1475 | D:2      | Reached XP level 4. HP: 28/28 MP: 7/7
  2199 | D:3      | HP: 14/28 [poisoned by an adder]
  2464 | D:3      | Found a faded altar of an unknown god.
  2482 | D:3      | Became a worshipper of Cheibriados the Contemplative
  2482 | D:3      | Reached * piety under Cheibriados
  2892 | D:3      | HP: 13/28 [adder (4)]
  2898 | D:3      | Reached XP level 5. HP: 13/33 MP: 4/8
  2899 | D:3      | HP: 12/33 [poisoned by an adder]
  2905 | D:3      | HP: 11/33 [poisoned by an adder]
  2911 | D:3      | HP: 11/33 [poisoned by an adder]
  2917 | D:3      | HP: 11/33 [poisoned by an adder]
  3283 | D:3      | Reached ** piety under Cheibriados
  3445 | D:3      | Noticed a hippogriff
  3455 | D:3      | HP: 15/33 [hippogriff (7)]
  3457 | D:3      | HP: 7/33 [hippogriff (8)]
  3457 | D:3      | HP: 1/33 [hippogriff (6)]
  3460 | D:3      | Slain by a rat

Skill      XL: |  1  2  3  4 |
---------------+-------------+-----
Transmutations | 3 4 |  4.6
Unarmed Combat | 4 |  4.4
Fighting       | |  1.0
Dodging        | |  2.0
Spellcasting   | |  2.0
Invocations    | |  0.4

Action                   |  1- 3 |  4- 6 || total
-------------------------+-------+-------++-------
Melee: Unarmed           |    65 |   113 ||   178
       Kick              |     7 |       ||     7
       Constrict         |    14 |    30 ||    44
       Tentacles         |     9 |    12 ||    21
       Punch             |     1 |     3 ||     4
 Cast: Beastly Appendage |     7 |       ||     7
       Spider Form       |     2 |     4 ||     6
  Use: Scroll            |       |     9 ||     9
 Stab: Sleeping          |     3 |     7 ||    10
  Eat: Chunk             |     2 |     5 ||     7
Armor: Skin              |     9 |     9 ||    18
Dodge: Dodged            |    34 |    95 ||   129

Vault maps used:
D:1:      minmay_arrival_up_and_down
D:2:      nicolae_ashenzari_panopticon
D:3:      first_bread, chequers_ecumenical_altar_simple_redux,
          minmay_divided_ellipse
